 Dungeon Sprint DCSS version 0.19.1-1-g22dce08 (webtiles) character file.

2331 Hipnos the Eclecticist (level 9, -9/47 HPs)
             Began as a Deep Elf Earth Elementalist on Jan 14, 2017.
             Was a Believer of Vehumet.
             Shot with an arrow by a centaur warrior (11 damage)
             ... in the Dungeon (Sprint I: "Red Sonja").
             The game lasted 00:11:49 (1274 turns).

Hipnos the Eclecticist (DEEE)                       Turns: 1274, Time: 00:11:50

Health: -9/47      AC:  9    Str:  5    XL:     9   Next: 19%
Magic:  21/32      EV: 14    Int: 24    God:    Vehumet [**....]
Gold:   382        SH:  0    Dex: 15    Spells: 8 memorised, 20 levels left

rFire  . . .     SeeInvis .     l - +1 short sword (venom)
rCold  + . .     Gourm    .     b - +3 leather armour {rC+}
rNeg   . . .     Faith    .     (no shield)
rPois  .         Spirit   .     (no helmet)
rElec  .         Reflect  .     (no cloak)
rCorr  .         Harm     .     (no gloves)
MR     .....     NoTele   +     h - +2 pair of boots
Stlth  +++.......               (no amulet)
                                (no ring)
                                (no ring)

@: no status effects
A: no striking features
a: Renounce Religion


You were in the Dungeon.
You worshipped Vehumet.
Vehumet was pleased with you.
You were not hungry.

You visited 1 branch You collected 827 gold pieces.
You spent 445 gold pieces at shops.

Inventory:

Hand Weapons
 a - a +0 dagger
 l - a +1 short sword of venom (weapon)
Missiles
 e - 9 stones (quivered)
Armour
 b - a +3 leather armour of cold resistance (worn)
 c - a +0 robe
 d - a +0 robe of positive energy
 h - a +2 pair of boots (worn)
Wands
 n - a wand of lightning (10/15)
Scrolls
 g - a scroll of identify {unknown}
 j - a scroll of blinking
 m - a scroll of amnesia {unknown}
Potions
 f - 4 potions of curing
Books
 i - a book of Minor Magic

   Spells                             Type                      Level
   a - Magic Dart                     Conjuration                  1
   b - Blink                          Translocation                2
   c - Call Imp                       Summoning                    2
   d - Repel Missiles                 Charms/Air                   2
   e - Slow                           Hexes                        2
   f - Conjure Flame                  Conjuration/Fire             3
   g - Mephitic Cloud                 Conjuration/Poison/Air       3
 k - a book of Geomancy

   Spells                             Type                      Level
   a - Sandblast                      Earth                        1
   b - Passwall                       Transmutation/Earth          2
   c - Stone Arrow                    Conjuration/Earth            3
   d - Petrify                        Transmutation/Earth          4
   e - Lee's Rapid Deconstruction     Earth                        5


   Skills:
 + Level 1.2 Fighting
 + Level 1.0 Throwing
 + Level 2.3 Armour
 + Level 5.2 Dodging
 + Level 4.7 Stealth
 + Level 2.1 Unarmed Combat
 + Level 17.0 Spellcasting
 + Level 3.4 Conjurations
 + Level 3.2 Translocations
 + Level 3.1 Transmutations
 + Level 14.1 Earth Magic


You had 20 spell levels left.
You knew the following spells:

 Your Spells              Type           Power        Failure   Level  Hunger
a - Sandblast             Erth           ######       0%          1    None
b - Passwall              Tmut/Erth      ######....   1%          2    None
c - Stone Arrow           Conj/Erth      ######       1%          3    None
d - Petrify               Tmut/Erth      ######..     1%          4    None
e - Lee's Rapid Deconstr  Erth           ######....   1%          5    None
f - Blink                 Tloc           N/A          1%          2    None
g - Call Imp              Summ           ###.....     10%         2    None
h - Mephitic Cloud        Conj/Pois/Air  ####....     10%         3    None


Dungeon Overview and Level Annotations

Branches:
Dungeon (1/1)

Altars:
Cheibriados
Dithmenos
Elyvilon
Fedhas
Gozag
Hepliaklqana
Kikubaaqudgha
Makhleb
Nemelex Xobeh
Okawaru
Qazlal
Ru
Sif Muna
Trog
Uskayaw
Vehumet
Xom
Yredelemnul
Zin
The Shining One
Jiyva
Lugonu

Shops:
D *:[


Message History

Okay, then.
Casting: Stone Arrow
Confirm with . or Enter, or press ? or * to list all spells.
Aiming: Mephitic Cloud
Press: ? - help, Shift-Dir - straight line, p - centaur warrior The ball explodes into a vile cloud!
The stinking cloud engulfs the centaur warrior.
The centaur warrior is heavily wounded.
The stinking cloud engulfs the centaur warrior.
The centaur warrior is almost dead.
The centaur warrior is engulfed in noxious fumes.
The centaur warrior unwields an uncursed shortbow.
The centaur warrior hits you!
The centaur warrior wields a longbow.
The centaur warrior shoots an arrow.
The arrow hits you!
* * * LOW HITPOINT WARNING * * *
Found 54 gold pieces.
The centaur warrior is engulfed in noxious fumes.
The centaur warrior wields an uncursed shortbow.
The centaur warrior shoots an arrow.
The arrow hits you!
You die...

<.#..'..#.)'..#__#..)...#
..)..#..'..#..'^.'.)#...#
..#####'#####'#__####...+
..####..#...#.####(§#####
..#__####..##.#§§§§§#§$#
..#_____##'#.)+≈§c§....#
⌠⌠#_.∩...'..._#§§cy§#
###_..__##_.#'##§###
#_____###'#.#)@.)###
###########.####§###.##
∩^.......'...'.§...'.∩#
##++++####...##########
###.### #.#'#.# #.....#
#...(.# #######


You could see 2 centaur warriors.

Vanquished Creatures
  Sonja (D)
  A deep troll (D)
  2 kobold demonologists (D)
  A slime creature (D)
  Sigmund (D)
  A yak (D)
  A floating eye (D)
  An ogre (D)
  A jelly (D)
  Ijyb (D)
  4 ballistomycetes (D)
  A ballistomycete spore (D)
16 creatures vanquished.

Vanquished Creatures (others)
  A ballistomycete spore (D)
1 creature vanquished.

Grand Total: 17 creatures vanquished

Notes
Turn   | Place    | Note
-------+----------+-------------------------------------------
     0 | D        | Hipnos the Deep Elf Earth Elementalist began the quest for the Orb.
     0 | D        | Reached XP level 1. HP: 10/10 MP: 6/6
     1 | D        | Noticed Ijyb
    48 | D        | Killed Ijyb
    48 | D        | Reached skill level 5 in Spellcasting
    48 | D        | Reached skill level 5 in Earth Magic
    48 | D        | Reached XP level 2. HP: 15/15 MP: 2/10
   116 | D        | Learned a level 2 spell: Passwall
   117 | D        | Noticed an ogre
   125 | D        | Killed an ogre
   125 | D        | Reached skill level 1 in Unarmed Combat
   125 | D        | Reached skill level 8 in Spellcasting
   125 | D        | Reached XP level 3. HP: 5/20 MP: 5/14
   125 | D        | Reached XP level 4. HP: 6/24 MP: 5/16
   359 | D        | Learned a level 3 spell: Stone Arrow
   361 | D        | Noticed Sigmund
   368 | D        | Killed Sigmund
   368 | D        | Reached skill level 1 in Fighting
   368 | D        | Reached skill level 10 in Spellcasting
   368 | D        | Reached XP level 5. HP: 29/29 MP: 13/20
   368 | D        | Reached XP level 6. HP: 34/34 MP: 13/21
   413 | D        | Found a deep blue altar of Sif Muna.
   417 | D        | Reached skill level 11 in Spellcasting
   418 | D        | Found a radiant altar of Vehumet.
   425 | D        | Became a worshipper of Vehumet
   453 | D        | Found Hutti's Book Emporium.
   453 | D        | Found an ancient bone altar of Kikubaaqudgha.
   453 | D        | Found a hazy altar of Hepliaklqana.
   453 | D        | Found a stormy altar of Qazlal.
   453 | D        | Found a hide-covered altar of Uskayaw.
   453 | D        | Found a blossoming altar of Fedhas.
   453 | D        | Found a bloodstained altar of Trog.
   453 | D        | Found an iron altar of Okawaru.
   453 | D        | Found a basalt altar of Yredelemnul.
   453 | D        | Found a glowing golden altar of the Shining One.
   453 | D        | Found a snail-covered altar of Cheibriados.
   453 | D        | Found a sacrificial altar of Ru.
   453 | D        | Found a glowing silver altar of Zin.
   453 | D        | Found a shadowy altar of Dithmenos.
   453 | D        | Found a white marble altar of Elyvilon.
   453 | D        | Noticed a yak
   458 | D        | Killed a yak
   458 | D        | Reached skill level 12 in Spellcasting
   458 | D        | Reached skill level 1 in Conjurations
   458 | D        | Reached skill level 10 in Earth Magic
   459 | D        | Found an opulent altar of Gozag.
   462 | D        | Found a sparkling altar of Nemelex Xobeh.
   534 | D        | Learned a level 4 spell: Petrify
   540 | D        | Learned a level 5 spell: Lee's Rapid Deconstruction
   543 | D        | Bought a book of Minor Magic for 280 gold pieces
   546 | D        | Learned a level 2 spell: Blink
   549 | D        | Learned a level 2 spell: Call Imp
   553 | D        | Learned a level 3 spell: Mephitic Cloud
   562 | D        | Noticed Sonja
   567 | D        | Killed Sonja
   567 | D        | Reached skill level 1 in Throwing
   567 | D        | Reached skill level 1 in Armour
   567 | D        | Reached skill level 5 in Dodging
   567 | D        | Reached skill level 14 in Spellcasting
   567 | D        | Reached XP level 7. HP: 38/38 MP: 4/26
   567 | D        | Reached XP level 8. HP: 43/43 MP: 4/28
   694 | D        | Noticed a deep troll
   701 | D        | Killed a deep troll
   701 | D        | Reached * piety under Vehumet
   701 | D        | Offered knowledge of Sting by Vehumet.
   701 | D        | Reached skill level 15 in Spellcasting
   714 | D        | Found Gockag's Armour Emporium.
   721 | D        | Bought a +2 pair of boots for 165 gold pieces
   838 | D        | Found Nangewig's Assorted Antiques.
   954 | D        | Found a burning altar of Makhleb.
   954 | D        | Found a viscous altar of Jiyva.
   954 | D        | Found a shimmering altar of Xom.
   954 | D        | Found a corrupted altar of Lugonu.
   954 | D        | Noticed a slime creature
   968 | D        | Killed a slime creature
   968 | D        | Reached skill level 1 in Translocations
  1112 | D        | Noticed a kobold demonologist
  1113 | D        | Noticed a kobold demonologist
  1113 | D        | Reached skill level 16 in Spellcasting
  1116 | D        | Killed a kobold demonologist
  1116 | D        | Reached ** piety under Vehumet
  1116 | D        | Offered knowledge of Throw Flame by Vehumet.
  1116 | D        | Reached XP level 9. HP: 47/47 MP: 14/31
  1119 | D        | Killed a kobold demonologist
  1119 | D        | Reached skill level 17 in Spellcasting
  1271 | D        | Noticed a centaur warrior
  1271 | D        | Noticed a centaur warrior
  1273 | D        | HP: 2/47 [centaur warrior/arrow (16)]
  1274 | D        | Shot with an arrow by a centaur warrior

Skill      XL: |  1  2  3  4  5  6  7  8  9 |
---------------+----------------------------+-----
Dodging        | 3 4 5 |  5.2
Spellcasting   | 5 8 10 14 16 17 | 17.0
Earth Magic    | 5 7 9 12 13 14 | 14.1
Unarmed Combat | 1 2 |  2.1
Fighting       | 1 |  1.2
Stealth        | 3 4 |  4.7
Conjurations   | 2 3 |  3.4
Throwing       | 1 |  1.0
Armour         | 1 2 |  2.3
Transmutations | 2 3 |  3.1
Translocations | 2 3 |  3.2

Action                   |  1- 3 |  4- 6 |  7- 9 || total
-------------------------+-------+-------+-------++-------
Melee: Unarmed           |    16 |       |       ||    16
       Dagger            |       |     1 |       ||     1
       Short sword       |       |       |    33 ||    33
Throw: Stone             |     2 |       |       ||     2
 Cast: Sandblast         |    21 |     8 |       ||    29
       Stone Arrow       |       |     5 |     3 ||     8
       Lee's Rapid Decon |       |     1 |    14 ||    15
       Petrify           |       |     1 |     2 ||     3
       Blink             |       |       |     6 ||     6
       Mephitic Cloud    |       |       |     1 ||     1
  Use: Potion            |     6 |       |       ||     6
 Stab: Sleeping          |       |     1 |       ||     1
  Eat: Bread ration      |       |       |     1 ||     1
Armor: Robe              |     1 |       |       ||     1
       Leather armour    |       |     1 |     1 ||     2
Dodge: Dodged            |    19 |     6 |     5 ||    30
